 Dungeon Crawl Stone Soup version 0.26-a0-1126-g3318b609a0 (webtiles) character file.

Game seed: 4614830845386374330

10572 wythoutpain the Covert (level 11, -13/51 HPs)
             Began as a Spriggan Enchanter on Dec 15, 2020.
             Was a Priest of Dithmenos.
             Mangled by an eight-headed hydra (14 damage)
             ... on level 1 of the Lair of Beasts on Dec 18, 2020.
             The game lasted 02:44:24 (16792 turns).

wythoutpain the Covert (Spriggan Enchanter)        Turns: 16792, Time: 02:44:24

Health: -13/51     AC:  5    Str: 13    XL:     11   Next: 37%
Magic:  21/24      EV: 29    Int: 22    God:    Dithmenos [***...]
Gold:   241        SH:  0    Dex: 18    Spells: 15/27 levels left

rFire    . . .     SeeInvis +   v - +4 dagger
rCold    . . .     Faith    .   (shield restricted)
rNeg     . . .     Spirit   .   G - +2 robe {Will+}
rPois    .         Reflect  .   (helmet restricted)
rElec    .         Harm     .   a - +0 cloak
rCorr    .         Rampage  .   (gloves unavailable)
Will     +....                  (boots unavailable)
Stlth    ++++++++++             (no amulet)
HPRegen  0.17/turn              M - ring of Vubopleh {Will- Str+7 Int+5 Stlth+}
MPRegen  0.19/turn              H - +4 ring of evasion

@: confusing touch, wreathed by umbra, very quick
A: very small, unfitting armour, see invisible, speed 3
a: Renounce Religion, Shadow Step


You were on level 1 of the Lair of Beasts.
You worshipped Dithmenos.
Dithmenos was most pleased with you.
You visited 3 branches of the dungeon, and saw 12 of its levels.

You collected 832 gold pieces.
You spent 591 gold pieces at shops.

Inventory:

Hand Weapons
 v - a +4 dagger (weapon)
 w - the +2 hunting sling "Sarcophage" {freeze, Str+9}
   (You found it on level 6 of the Dungeon)

   It causes projectiles fired from it to freeze those they strike, causing
   extra injury to most foes and up to half again as much damage against
   particularly susceptible opponents.
   They can also slow down cold-blooded creatures.
   It affects your strength (+9).
 C - a +4 scimitar of flaming
 F - a +4 scimitar of flaming
 I - a +2 long sword of protection
Missiles
 d - 476 stones
 p - 64 sling bullets
 z - 19 poisoned darts
 K - 4 atropa-tipped darts
Armour
 a - a +0 cloak (worn)
 o - the +1 robe of the Lotus Blossom {+Fly}
   (You bought it in a shop on level 6 of the Dungeon)

   It lets you fly.
 G - a +2 robe of willpower (worn)
Magical Staves
 L - an uncursed staff of conjuration
Jewellery
 A - a +6 ring of strength
 D - the amulet of Lady Luck {Spirit +Inv rC+++ rN+ Stlth-}
   (You took it off a deep elf mage on level 9 of the Dungeon)

   [amulet of guardian spirit]

   It causes incoming damage to be split between your health and magic.
   It renders you almost immune to cold.
   It protects you from negative energy.
   It lets you turn invisible.
   It makes you less stealthy.
 H - a +4 ring of evasion (right hand)
 M - the ring of Vubopleh (left hand) {Will- Str+7 Int+5 Stlth+}
   (You took it off a centaur warrior on level 9 of the Dungeon)

   [ring of stealth]

   It affects your strength (+7).
   It affects your intelligence (+5).
   It affects your willpower, your defense against some magical effects.
   It makes you more stealthy.
 N - the ring "Rujamnom" {Int+2 Stlth-}
   (You found it on level 9 of the Dungeon)

   [ring of attention]

   It affects your intelligence (+2).
   It makes you less stealthy.
 O - a ring of Foiriul {+Fly Str+3}
   (You found it on level 9 of the Dungeon)

   [ring of flight]

   It affects your strength (+3).
   It lets you fly.
Wands
 m - a wand of random effects (18)
 r - a wand of iceblast (9)
 s - a wand of acid (8)
 u - a wand of paralysis (3)
 y - a wand of enslavement (17)
Scrolls
 b - a scroll of immolation
 e - 5 scrolls of identify
 g - 5 scrolls of teleportation
 h - 8 scrolls of remove curse
 i - a scroll of silence
 n - a scroll of amnesia
 t - a scroll of enchant weapon
 x - 6 scrolls of blinking
 E - 3 scrolls of magic mapping
Potions
 c - 4 potions of brilliance
 f - 2 potions of haste
 j - 5 potions of lignification
 k - 4 potions of might
 l - 4 potions of heal wounds
 q - 5 potions of curing
 B - a potion of resistance
 P - a potion of attraction {unknown}
Miscellaneous
 J - a box of beasts


   Skills:
 + Level 2.9 Fighting
 + Level 6.5 Short Blades
 - Level 0.2(3.0) Long Blades
 + Level 5.2 Slings
 * Level 8.8 Dodging
 + Level 14.2 Stealth
 + Level 8.6 Spellcasting
 + Level 9.8 Hexes
 + Level 1.6 Ice Magic
 - Level 4.0 Invocations
 + Level 3.9 Evocations


You had 15 spell levels left.
You knew the following spells:

 Your Spells              Type           Power        Failure   Level
a - Corona                Hex            56%          1%          1
b - Ensorcelled Hibernat  Hex/Ice        68%          1%          2
c - Tukima's Dance        Hex            51%          1%          3
d - Confusing Touch       Hex            51%          1%          3
e - Dazzling Flash        Conj/Hex       62%          2%          3

Your spell library contained the following spells:

 Spells                   Type           Power        Failure   Level
 Summon Guardian Golem    Hex/Summ       31%          2%          3
 Magic Dart               Conj           36%          7%          1
 Summon Small Mammal      Summ           36%          7%          1
 Fulminant Prism          Conj/Hex       15%          10%         4
 Call Imp                 Summ           9%           11%         2
 Searing Ray              Conj           18%          11%         2
 Call Canine Familiar     Summ           9%           22%         3
 Summon Ice Beast         Ice/Summ       13%          43%         4
 Iskenderun's Mystic Bla  Conj/Tloc      9%           56%         4
 Summon Lightning Spire   Summ/Air       9%           56%         4


Dungeon Overview and Level Annotations

Branches:
Dungeon (10/15)            Temple (1/1) D:5            Lair (1/6) D:10
    Orc (0/2) D:9

Altars:
Ashenzari
Cheibriados
Dithmenos
Elyvilon
Fedhas
Gozag
Hepliaklqana
Kikubaaqudgha
Makhleb
Nemelex Xobeh
Okawaru
Qazlal
Ru
Sif Muna
Trog
Uskayaw
Vehumet
Wu Jian
Xom
Yredelemnul
Zin
The Shining One

Shops:
D:6 }=:[


Innate Abilities, Weirdness & Mutations

You are very small and have problems with some larger weapons.
You are too small for most types of armour.
You have supernaturally acute eyesight. (SInv)
You cover ground extremely quickly.


Message History

Non-targeted cast: Confusing Touch
Press: ? - help, Q - select action, (/) - cycle Dir - look around, f - activate Your hands begin to glow red.
The eight-headed hydra barely misses you. x2
The eight-headed hydra completely misses you.
The eight-headed hydra misses you. The eight-headed hydra bites you.
The eight-headed hydra bites you! The eight-headed hydra misses you.
The eight-headed hydra bites you!
You are too injured to fight recklessly!
You hit the eight-headed hydra but do no damage.
You hit the eight-headed hydra but do no damage.
The eight-headed hydra misses you. The eight-headed hydra bites you.
* * * LOW HITPOINT WARNING * * *
The eight-headed hydra misses you.
The eight-headed hydra barely misses you.
The eight-headed hydra bites you!
* * * LOW HITPOINT WARNING * * *
The eight-headed hydra bites you but does no damage.
The eight-headed hydra bites you!
You die...

#.........#.
#...........
###.((........
##....#.######.
##...##### ## ##.<.P#
##.#..## ##.#...#
##.@....## ###
##.D..#.[.## ####.#
###....P#....#####.....
#.....#####.#..##......
#....## ##...........
#....## ##.#....###.
##.P## ##.....## ##
#... #.#...## #...
####....#.##


You could see an eight-headed hydra.

Vanquished Creatures
  Erolcha (D:10)
  A boulder beetle (D:9)
  A hydra (D:9)
  Erica (D:8)
  A centaur warrior (D:9)
  2 two-headed ogres
  A deep elf mage (D:9)
  A komodo dragon (Lair:1)
  An efreet (D:8)
  Sigmund (D:6)
  A wraith (D:10)
  6 yaks (D:10)
  4 water moccasins
  2 orc warriors
  2 ice beasts
  A sky beast (D:8)
  An eye of draining (D:10)
  3 necrophages
  A phantom (D:4)
  6 ogres
  3 centaurs
  A big kobold (D:8)
  9 bullfrogs
  A wyvern zombie (D:8)
  A wyvern skeleton (D:9)
  4 scorpions
  6 electric eels (D:8)
  A centaur zombie (D:9)
  3 jellies
  3 hounds
  5 orc priests
  Crazy Yiuf (D:5)
  2 centaur skeletons (D:8)
  6 orc wizards
  2 bullfrog skeletons
  Jessica (D:7)
  4 iguanas
  6 worker ants
  A hound skeleton (D:6)
  A worker ant zombie (D:6)
  Robin (D:3)
  3 gnolls (D:5)
  10 adders
  2 white imps
  An ufetubus (D:5)
  An ooze (D:1)
  An adder zombie (D:9)
  A worm (D:3)
  2 dart slugs (D:1)
  2 leopard geckos
  17 orcs
  3 giant cockroaches
  23 goblins
  7 hobgoblins
  12 jackals
  5 quokkas
  3 ball pythons
  5 bats
  3 frilled lizards
  9 kobolds
  A leopard gecko skeleton (D:7)
  A leopard gecko zombie (D:8)
  A quokka zombie (D:6)
  9 rats
222 creatures vanquished.

Vanquished Creatures (collateral kills)
  An orc wizard (D:8)
  3 orcs
  A jackal (D:7)
5 creatures vanquished.

Vanquished Creatures (others)
  6 dancing weapons
  An orc wizard (D:7)
  16 fungi (D:10)
  23 plants
46 creatures vanquished.

Grand Total: 273 creatures vanquished

Notes
Turn   | Place    | Note
-------+----------+-------------------------------------------
     0 | D:1      | wythoutpain the Spriggan Enchanter began the quest for the
                  | Orb.
     0 | D:1      | Reached XP level 1. HP: 9/9 MP: 5/5
   352 | D:1      | Reached XP level 2. HP: 13/13 MP: 6/6
   360 | D:1      | Learned a level 2 spell: Ensorcelled Hibernation
  1305 | D:2      | Reached XP level 3. HP: 16/16 MP: 5/8
  1378 | D:2      | Found a broken altar of Ashenzari.
  1507 | D:2      | Reached skill level 5 in Stealth
  2196 | D:2      | Upgraded the game from 0.26-a0-1086-g9010512d90 to
                  | 0.26-a0-1102-g347fe5baa7
  2307 | D:2      | Found a basalt altar of Yredelemnul.
  2438 | D:2      | Reached XP level 4. HP: 21/21 MP: 10/10
  2739 | D:3      | Found an iron altar of Okawaru.
  3187 | D:3      | Found an ancient bone altar of Kikubaaqudgha.
  3511 | D:3      | Noticed Robin
  3514 | D:3      | Killed Robin
  3627 | D:3      | Learned a level 3 spell: Tukima's Dance
  3631 | D:3      | Learned a level 3 spell: Confusing Touch
  4140 | D:3      | Reached skill level 1 in Slings
  4140 | D:3      | Reached XP level 5. HP: 24/24 MP: 9/12
  4376 | D:3      | Noticed an ogre
  4410 | D:3      | Killed an ogre
  4411 | D:3      | Reached skill level 5 in Hexes
  4601 | D:4      | Noticed a phantom
  4637 | D:4      | Reached XP level 6. HP: 18/29 MP: 11/13
  5304 | D:4      | Reached skill level 6 in Stealth
  6734 | D:4      | HP: 1/29 [phantom (8)]
  6744 | D:5      | Entered Level 5 of the Dungeon
  7142 | D:4      | Reached skill level 5 in Dodging
  7142 | D:4      | Reached XP level 7. HP: 24/32 MP: 15/15
  7717 | D:4      | Reached skill level 1 in Fighting
  8017 | D:5      | Found a staircase to the Ecumenical Temple.
  8037 | D:5      | Reached skill level 7 in Stealth
  8055 | D:5      | Reached skill level 5 in Spellcasting
  8173 | Temple   | Entered the Ecumenical Temple
  8199 | Temple   | Became a worshipper of Dithmenos the Shadowed
  8352 | D:5      | Found a sparkling altar of Nemelex Xobeh.
  8515 | D:5      | Reached skill level 1 in Ice Magic
  8532 | D:5      | Reached XP level 8. HP: 37/37 MP: 5/16
  8779 | D:5      | Found a runed translucent door.
  8780 | D:5      | Noticed Crazy Yiuf
  8791 | D:5      | Killed Crazy Yiuf
  8792 | D:5      | Reached skill level 1 in Invocations
  9509 | D:6      | Found Xonnax's Gadget Emporium.
  9714 | D:6      | Found Dahon's Antique Armour Shoppe.
  9739 | D:6      | Bought a sheer robe for 159 gold pieces
  9749 | D:6      | Identified the cursed +1 robe of the Lotus Blossom {+Fly}
                  | (You bought it in a shop on level 6 of the Dungeon)
  9791 | D:6      | Found Nyasoxus's Jewellery Boutique.
  9814 | D:6      | Noticed Sigmund
  9824 | D:6      | Killed Sigmund
  9825 | D:6      | Reached skill level 8 in Stealth
  9952 | D:6      | Found Toqorem's Book Emporium.
 10045 | D:6      | Got a crude hunting sling
 10046 | D:6      | Identified the cursed +2 hunting sling "Sarcophage"
                  | {freeze, Str+9} (You found it on level 6 of the Dungeon)
 10620 | D:7      | Reached * piety under Dithmenos
 11359 | D:7      | Noticed Jessica
 11366 | D:7      | Found a shimmering blue altar of Sif Muna.
 11377 | D:7      | Killed Jessica
 11570 | D:8      | Reached skill level 9 in Stealth
 11629 | D:8      | Noticed an efreet
 11823 | D:8      | Killed an efreet
 11824 | D:8      | Reached skill level 1 in Evocations
 11824 | D:8      | Reached XP level 9. HP: 26/41 MP: 17/19
 12779 | D:8      | Found the +7 Kryia's mail coat {PotionHeal*2 rC+}
 13140 | D:8      | Reached ** piety under Dithmenos
 13397 | D:8      | Reached skill level 10 in Stealth
 13454 | D:8      | Noticed a two-headed ogre
 13480 | D:8      | Killed a two-headed ogre
 13481 | D:8      | Reached skill level 5 in Short Blades
 13627 | D:8      | Learned a level 3 spell: Dazzling Flash
 13728 | D:8      | Noticed Erica
 13738 | D:8      | Killed Erica
 13739 | D:8      | Reached skill level 11 in Stealth
 13739 | D:8      | Reached XP level 10. HP: 46/46 MP: 22/22
 13996 | D:6      | Bought a +4 ring of evasion for 432 gold pieces
 14182 | D:9      | Found a staircase to the Orcish Mines.
 14329 | D:9      | Found a snail-covered altar of Cheibriados.
 14412 | D:9      | Reached skill level 5 in Slings
 14569 | D:9      | Found a blossoming altar of Fedhas.
 14681 | D:9      | Noticed a six-headed hydra
 14685 | D:9      | Noticed a two-headed ogre
 14690 | D:9      | Identified the amulet of Lady Luck {Spirit +Inv rC+++ rN+
                  | Stlth-}
 14690 | D:9      | Noticed a deep elf mage
 14690 | D:9      | Killed a two-headed ogre
 14692 | D:9      | Killed a three-headed hydra
 14693 | D:9      | Reached skill level 12 in Stealth
 14871 | D:9      | Upgraded the game from 0.26-a0-1102-g347fe5baa7 to
                  | 0.26-a0-1126-g3318b609a0
 14878 | D:9      | Identified the ring "Rujamnom" {Int+2 Stlth-}
 14878 | D:9      | Noticed a centaur warrior
 14886 | D:9      | Noticed a boulder beetle
 14914 | D:9      | Killed a boulder beetle
 15431 | D:9      | Killed a deep elf mage
 15478 | D:9      | Identified the ring of Vubopleh {Will- Str+7 Int+5 Stlth+}
 15491 | D:9      | Killed a centaur warrior
 15492 | D:9      | Reached skill level 13 in Stealth
 15510 | D:9      | Got a faintly glowing iron ring
 15564 | D:9      | Identified a ring of Foiriul {+Fly Str+3} (You found it on
                  | level 9 of the Dungeon)
 15629 | D:10     | Entered Level 10 of the Dungeon
 15637 | D:10     | Noticed Erolcha
 15643 | D:10     | Killed Erolcha
 15644 | D:10     | Reached XP level 11. HP: 51/51 MP: 24/24
 15685 | D:10     | Found a staircase to the Lair.
 15749 | D:10     | Reached *** piety under Dithmenos
 16433 | D:10     | Reached skill level 14 in Stealth
 16554 | Lair:1   | Entered Level 1 of the Lair of Beasts
 16779 | Lair:1   | Noticed an eight-headed hydra
 16792 | Lair:1   | HP: 1/51 [eight-headed hydra (13)]
 16792 | Lair:1   | Mangled by an eight-headed hydra

Illustrated notes

Levels and vault maps discovered:
D:1:      ebering_trefoil_twist, layout_basic, st_stairs_14
D:2:      minmay_evil_eye, layout_basic, ashenzari_conservatory_becter,
          nicolae_overflow_crystal_walls, item_on_display_a
D:3:      layout_basic, overflow_temple_1_default, lemuel_round_altar,
          minmay_ogre_servants, uniq_robin
D:4:      layout_loops_ring
D:5:      layout_loops_ring, lemuel_doored_altar, minmay_temple_entry_crystal_x,
          uniq_crazy_yiuf_cottage
D:6:      layout_gridville, serial_shops, shop, shop, shop_fountains, shop,
          uniq_sigmund
D:7:      layout_rooms, tgw_sif
D:8:      cheibrodos_two_vegetables, layout_loops_ring, uniq_erica
D:9:      minmay_the_grid_triangle_9x9_rhombus_thin
          [minmay_the_grid_triangle_9x9_stretched_checkered,
          minmay_the_grid_triangle_9x9_prize_special,
          minmay_the_grid_triangle_9x9_shrine,
          minmay_the_grid_triangle_9x9_pentomino_pain], layout_rooms,
          basic_altar
D:10:     layout_irregular_city, due_lair_maze_entry_diamond, uniq_erolcha
Temple:   compressed_dpeg_circular_temple
Lair:1:   layout_concentric_octagons

Skill      XL: |  1  2  3  4  5  6  7  8  9 10 11 |
---------------+----------------------------------+-----
Hexes          | 4 5 6 7 8 9 |  9.8
Spellcasting   | 3 4 5 6 7 8 |  8.6
Stealth        | 5 6 7 9 11 13 14 | 14.2
Slings         | 1 2 3 4 5 |  5.2
Short Blades   | 2 3 4 5 6 |  6.5
Dodging        | 4 5 6 7 8 |  8.8
Fighting       | 1 2 |  2.9
Ice Magic      | 1 |  1.6
Invocations    | 3 4 |  4.0
Evocations     | 1 3 |  3.9
Long Blades    | |  0.2

Action                   |  1- 3 |  4- 6 |  7- 9 | 10-12 || total
-------------------------+-------+-------+-------+-------++-------
Melee: Dagger            |   163 |   297 |   397 |   201 ||  1058
       Scimitar          |       |       |       |     6 ||     6
 Fire: Hunting sling     |       |    93 |    32 |    11 ||   136
 Cast: Corona            |    54 |    69 |     1 |       ||   124
       Ensorcelled Hiber |     4 |    27 |    15 |     6 ||    52
       Confusing Touch   |       |       |    39 |    28 ||    67
       Tukima's Dance    |       |       |    19 |       ||    19
 Abil: Evoke Flight      |       |       |     3 |       ||     3
Evoke: Wand              |       |     3 |     2 |       ||     5
  Use: Scroll            |     5 |     1 |    10 |     8 ||    24
 Stab: Sleeping          |    15 |    16 |    25 |    14 ||    70
       Confused          |       |       |    33 |    31 ||    64
       Distracted        |       |       |     1 |     4 ||     5
Armor: Robe              |    18 |    22 |    17 |     5 ||    62
Dodge: Dodged            |   142 |   200 |   259 |   157 ||   758
       Rpst.: Scimitar   |       |       |       |     2 ||     2

Table legend: (Time is in decaauts)
 A = Elapsed time spent in this place.
 B = Non-inter-level travel time spent in this place.
 C = Inter-level travel time spent in this place.
 D = Time resting spent in this place.
 E = Time spent auto-exploring this place.
 F = Levels seen in this place.
 G = Mean time per level.
                   A        B        C        D        E       F      G
               +--------+--------+--------+--------+--------+-----+--------+
         Total |  13849 |  13342 |    507 |   7317 |   2759 |  12 | 1154.1 |
       Dungeon |  13610 |  13120 |    490 |   7288 |   2660 |  10 | 1361.0 |
        Temple |     68 |     52 |     16 |      0 |     46 |   1 |   68.0 |
          Lair |    170 |    170 |      0 |     29 |     53 |   1 |  170.0 |
               +--------+--------+--------+--------+--------+-----+--------+

Top non-repeatable levels by time:
     D:2: 2344 daAuts
     D:8: 2074 daAuts
     D:4: 1637 daAuts
     D:3: 1563 daAuts
     D:9: 1455 daAuts
     D:5: 1168 daAuts
     D:6: 1113 daAuts
     D:1: 1044 daAuts
     D:7: 711 daAuts
    D:10: 497 daAuts
  Lair:1: 170 daAuts
  Temple: 68 daAuts
